details: 'abuser elf down'

« prev index next »

General information

Mini Map

Players

team 1
Random» NightElflck7303 (red | 132 APM | 1188 actions | 08:59)
Hero icon 2 Beastmaster
Ability icon 1 Summon Quilbeast
Ability icon 1 Summon Hawk
Hero icon 1 Naga Sea Witch
Ability icon 1 Frost Arrows

» actions
Assign group hotkey24
Build / train37
ESC pressed2
Enter build submenu14
Enter hero's abilities submenu3
Remove unit from queue1
Right click626
Select / deselect95
Select group hotkey345
Use ability41
1188 total
» units
Wisp13
Archer5
Huntress2
20 total
» upgrades
Ultravision1
Strength of the Moon1
2 total
» buildings
Ancient of War1
Moon Well4
Altar of Elders1
Hunter's Hall2
Tree of Ages1
Ancient of Wonders1
Ancient of Lore2
Ancient Protector2
14 total
» build order
00:16 Ancient of War
00:24 Moon Well
00:36 Altar of Elders
01:49 Moon Well
02:25 Hunter's Hall
03:22 Hunter's Hall
03:27 Moon Well
04:34 Tree of Ages
04:58 Moon Well
07:15 Ancient of Wonders
07:27 Ancient of Lore
07:30 Ancient of Lore
08:46 Ancient Protector
08:48 Ancient Protector
» items
Dust of Appearance3
Scroll of Town Portal1
4 total
team 2
OrccoL.Gate (teal | 83 APM | 746 actions | 09:00)
Hero icon 2 Blademaster
Ability icon 1 Wind Walk
Ability icon 1 Critical Strike

» actions
Assign group hotkey46
Basic commands7
Build / train37
ESC pressed1
Enter build submenu20
Enter hero's abilities submenu2
Give item / drop item1
Right click353
Select / deselect100
Select group hotkey134
Use ability45
746 total
» units
Peon12
Wind Rider4
Troll Batrider2
18 total
» upgrades
Ranged Weapons1
1 total
» buildings
Altar of Storms1
Orc Burrow4
Voodoo Lounge1
War Mill2
Stronghold5
Watch Tower5
Beastiary2
Fortress1
21 total
» build order
00:06 Altar of Storms
00:21 Orc Burrow
01:09 Voodoo Lounge
01:29 Orc Burrow
01:47 War Mill
01:51 War Mill
02:56 Stronghold
02:57 Stronghold
02:57 Stronghold
03:23 Watch Tower
03:26 Watch Tower
03:53 Watch Tower
04:16 Orc Burrow
05:08 Watch Tower
05:19 Beastiary
05:22 Beastiary
06:13 Watch Tower
08:22 Fortress
08:23 Orc Burrow
» items
Healing Salve2
Lesser Clarity Potion5
Boots of Speed1
8 total